 Dungeon Crawl Stone Soup version 0.30.0 (webtiles) character file.

Game seed: 6391468120071322444

70 BANAMAN the Trooper (level 4, -1/40 HPs)
             Began as a Ghoul Fighter on Dec 18, 2023.
             Slain by a gnoll
             ... wielding a +0 flail
              (7 damage)
             ... on level 2 of the Dungeon.
             The game lasted 00:04:31 (1177 turns).

BANAMAN the Trooper (Ghoul Fighter)                 Turns: 1177, Time: 00:04:32

Health: -1/40      AC:  8    Str: 21    XL:     4   Next: 22%
Magic:  3/3        EV:  5    Int:  3    God:
Gold:   76         SH:  0    Dex:  8    Spells: 3/3 levels left

rFire   . . .        a - +0 flail
rCold   + . .        c - +0 buckler
rNeg    + + +        b - +0 scale mail
rPois   ∞            (no helmet)
rElec   .            k - +1 cloak
rCorr   .            (no gloves)
SInv    .            (no boots)
Will    .....        e - amulet of reflection Stlth
                     (no ring)
HPRegen 0.00/turn    (no ring)
MPRegen 0.08/turn

%: reflection
@: mighty, held, inhibited regen
A: claws 1, cold resistance 1, negative energy resistance 3, inhibited
regeneration, torment resistance 2, devour on kill
a: no special abilities


You were on level 2 of the Dungeon.
You visited 1 branch of the dungeon, and saw 2 of its levels.

You collected 76 gold pieces.

Inventory:

Hand Weapons
 a - a +0 flail (weapon)
Missiles
 h - 6 boomerangs (quivered)
Armour
 b - a +0 scale mail (worn)
 c - a +0 buckler (worn)
 k - a +1 cloak (worn)
Jewellery
 e - an amulet of reflection (around neck)
Scrolls
 f - 3 scrolls of teleportation {unknown}
 i - a scroll of acquirement {unknown}
 j - a scroll of immolation {unknown}
Potions
 g - a potion of curing {unknown}
 l - a potion of heal wounds {unknown}


   Skills:
 * Level 3.8 Fighting
 * Level 2.5 Maces & Flails
 + Level 3.1 Armour
 + Level 0.1 Dodging
 + Level 3.3 Shields


You had 3 spell levels left.
You didn't know any spells.
Your spell library was empty.

Dungeon Overview and Level Annotations

Branches:
Dungeon (2/15)

Altars:
Sif Muna


Innate Abilities, Weirdness & Mutations

You are immune to poison.
You have sharp fingernails.
Your flesh is cold resistant. (rC+)
You are immune to negative energy. (rN+++)
You do not regenerate when monsters are visible.
You are immune to unholy pain and torment.
You thrive by killing the living.


Message History

You block the adder's attack. The adder barely misses you.
You hit the adder.
You kill the adder!
Found a hand axe.
Found a hand axe.
A gnoll comes into view. It is wielding a +0 halberd.
Found a warped hand axe.
The gnoll throws a throwing net.
The throwing net hits you.
You become entangled in the net!
You see here a throwing net.
A gnoll is nearby!
You struggle against the net.
You struggle against the net.
You rip the net and break free!
A gnoll comes into view. It is wielding a +0 flail.
The gnoll shouts!
You hear a shout!
The gnoll barely misses you.
The gnoll shouts!
You block the gnoll's attack.
Found an amethyst potion.
The gnoll hits you with a +0 halberd.
A gnoll opens the door.
Found the +5 woodcutter's axe.
The gnoll attacks as you move away! The gnoll barely misses you.
The gnoll hits you but does no damage. The gnoll barely misses you.
You feel very mighty all of a sudden. The gnoll hits you with a +0 flail.
The gnoll sergeant hits you but does no damage.
You block the gnoll's attack.
The gnoll throws a throwing net.
The throwing net hits you.
You become entangled in the net!
The gnoll hits you with a +0 flail.
You see here a throwing net.
You struggle against the net.
The gnoll hits you with a +0 flail.
The gnoll sergeant hits you with a +2 trident of venom!
The gnoll hits you with a +0 flail!
The gnoll hits you from afar with a +0 halberd.
You struggle against the net.
The gnoll hits you from afar with a +0 halberd!
* * * LOW HITPOINT WARNING * * *
The gnoll hits you but does no damage. The gnoll sergeant closely misses you.
The gnoll hits you with a +0 flail!
You die...

...#.# #.....## ####.#
##.#.## #.# #.### ##.##
### ♣♣♣♣ ###...#### ♣ ...♣
......>..#### #..♣♣♣
###...#.###!..#..).♣♣♣
##.#..###...#g♣....♣♣###
#.#..##.)..g.@gg......#
####.#.####...#.g♣..)♣♣#.#
.....#.# #...#....♣♣♣ #.#
.#####.###### #..♣♣♣ ##.#
.........# ♣ ..)♣♣ ###..#
.##......# ♣♣♣♣ #...##
###.##.### #####.###
#.##.# #.....# #.##.#
########..####


You could see a gnoll sergeant and 4 gnolls.

Vanquished Creatures
  3 adders (D:2)
  A worm (D:2)
  A dart slug (D:2)
  4 endoplasms
  4 hobgoblins (D:1)
  3 jackals (D:1)
  A quokka (D:1)
  9 ball pythons
  6 bats
  A frilled lizard (D:1)
  3 goblins
  A kobold (D:2)
  2 rats
39 creatures vanquished.

Notes
Turn   | Place    | Note
-------+----------+-------------------------------------------
     0 | D:1      | BANAMAN the Ghoul Fighter began the quest for the Orb.
     0 | D:1      | Reached XP level 1. HP: 19/19 MP: 0/0
   159 | D:1      | Reached XP level 2. HP: 25/26 MP: 1/1
   505 | D:1      | Reached XP level 3. HP: 33/33 MP: 2/2
  1030 | D:2      | Reached XP level 4. HP: 40/40 MP: 3/3
  1044 | D:2      | Found a shimmering blue altar of Sif Muna.
  1171 | D:2      | Noticed a gnoll sergeant
  1173 | D:2      | Found the +5 woodcutter's axe
  1177 | D:2      | Slain by a gnoll

Illustrated notes

Levels and vault maps discovered:
D:1:      minmay_arrival_shattered_statue, layout_basic, minmay_misc_feat_square
D:2:      layout_loops_ring, basic_altar, pf_guarded_unrand_woodcutter

Skill      XL: |  1  2  3 |
---------------+----------+-----
Shields        | 3 |  3.3
Armour         | 3 |  3.1
Maces & Flails | 2 |  2.5
Fighting       | |  3.8
Dodging        | |  0.1

Action                     |  1- 3 |  4- 6 || total
---------------------------+-------+-------++-------
  Melee: Flail             |   110 |    11 ||   121
  Throw: Boomerang         |    14 |     7 ||    21
    Use: Potion            |       |     1 ||     1
 Armour: Scale mail        |    79 |     7 ||    86
  Dodge: Dodged            |    81 |    11 ||    92
  Block: Buckler           |    84 |     9 ||    93
